 Dungeon Crawl Stone Soup version 0.30-a0-172-gc5509c9e31 (webtiles) character file.

Game seed: 13571386854263688488

80 qw the Chopper (level 4, -4/28 HPs)
             Began as a Gargoyle Fighter on Oct 1, 2022.
             Slain by a gnoll
             ... wielding a +0 halberd
              (5 damage)
             ... on level 2 of the Dungeon.
             The game lasted 00:00:35 (1177 turns).

qw the Chopper (Gargoyle Fighter)                   Turns: 1177, Time: 00:00:36

Health: -4/28      AC: 10    Str: 22    XL:     4   Next: 39%
Magic:  4/4        EV:  9    Int:  8    God:
Gold:   29         SH:  4    Dex:  9    Spells: 3/3 levels left

rFire   . . .      SeeInvis .    Y - +1 war axe
rCold   . . .      Faith    .    c - +0 buckler
rNeg    + . .      Spirit   .    b - +0 scale mail
rPois   inf        Reflect  .    (no helmet)
rElec   +          Harm     .    (no cloak)
rCorr   .          Rampage  .    (no gloves)
Will    .....                    (no boots)
Stlth   ..........               (no amulet)
HPRegen 0.24/turn                (no ring)
MPRegen 0.09/turn                (no ring)

@: no status effects
A: sickness immunity, AC +3, negative energy resistance 1, electricity
resistance, torment resistance 1, petrification resistance
a: no special abilities


You were on level 2 of the Dungeon.
You visited 1 branch of the dungeon, and saw 2 of its levels.

You collected 29 gold pieces.


Innate Abilities, Weirdness & Mutations

You are immune to sickness and miasma.
Your stone body is resilient. (AC +3)
You are immune to poison.
You resist negative energy. (rN+)
You are resistant to electric shocks. (rElec)
You are resistant to unholy torment.
You are immune to petrification.


   Skills:
 - Level 3.2 Fighting
 + Level 4.1 Axes
 - Level 3.2 Armour
 - Level 3.2 Shields


You had 3 spell levels left.
You didn't know any spells.
Your spell library was empty.

Inventory:

Hand Weapons
 a - a +0 whip
 Y - a +1 war axe (weapon)
Armour
 b - a +0 scale mail (worn)
 c - a +0 buckler (worn)
Jewellery
 j - a ring of protection from fire
Scrolls
 g - 3 scrolls of identify
 h - a scroll of poison {unknown}
 l - a scroll of teleportation {unknown}
Potions
 d - a potion of might
 e - a potion of attraction
 f - a potion of curing
 i - a potion of heal wounds {unknown}
 k - a potion of ambrosia {unknown}

Dungeon Overview and Level Annotations

Branches:
Dungeon (2/15)

Altars:

Shops:
D:1 !


Message History

You hit the gnoll but do no damage. The gnoll closely misses you.
You slash the gnoll!
The gnoll is severely wounded.
The gnoll hits you but does no damage.
You hit the gnoll.
The gnoll is lightly wounded.
The gnoll hits you with a +0 club. The gnoll hits you but does no damage.
You slash the gnoll!
The gnoll is severely wounded.
The gnoll hits you but does no damage.
The gnoll hits you from afar with a +0 spear.
You slash the gnoll!
You kill the gnoll!
The gnoll barely misses you.
The gnoll hits you from afar with a +0 spear.
Found a potion of attraction.
The gnoll hits you from afar with a +0 spear.
The gnoll hits you from afar with a +0 halberd!
Things that are here:
a +0 club; a gnoll corpse You barely miss the gnoll.
The gnoll is heavily wounded.
You closely miss the rat. You block the gnoll's attack.
The gnoll hits you from afar with a +0 spear.
The gnoll barely misses you. The rat closely misses you.
You closely miss the gnoll.
The gnoll is heavily wounded.
You completely miss the rat. You block the gnoll's attack.
The gnoll hits you but does no damage. The gnoll closely misses you.
The rat bites you but does no damage. The gnoll hits you but does no damage.
The rat bites you but does no damage. You block the gnoll's attack.
The gnoll misses you.
You barely miss the gnoll.
The gnoll is heavily wounded.
You slash the rat!
You kill the rat!
The gnoll hits you from afar with a +0 halberd.
You die... #### #.#!.. .#... ....## ..[.# #...# gg.

.# #######g#####'##
..?...%@g......#
#######.##.....#
#.##.....# ###
#.##.....# ####..
#.##.....# #...).
##'##.....# #.##..
######..>......# #.#...
#....#.........# #.....
#....#....#########.....


You could see 3 gnolls and a hobgoblin.

Vanquished Creatures
  A hound (D:2)
  A gnoll (D:2)
  A dart slug (D:1)
  6 endoplasms
  6 hobgoblins
  A quokka (D:1)
  4 ball pythons
  3 bats (D:1)
  A frilled lizard (D:2)
  4 goblins
  4 kobolds (D:1)
  6 rats
38 creatures vanquished.

Notes
Turn   | Place    | Note
-------+----------+-------------------------------------------
     0 | D:1      | qw the Gargoyle Fighter began the quest for the Orb.
     0 | D:1      | Reached XP level 1. HP: 14/14 MP: 1/1
     0 | D:1      | 0 ||| qw: Version: 0.2-a-13-gfc7b4b4
     0 | D:1      | 0 ||| qw: Game counter: 1762
     0 | D:1      | 0 ||| qw: Always use a shield: true
     0 | D:1      | 0 ||| qw: God list: Okawaru
     0 | D:1      | 0 ||| qw: Allow faded altars: false
     0 | D:1      | 0 ||| qw: Do Orc after D:15 true
     0 | D:1      | 0 ||| qw: Do second Lair branch before Depths: true
     0 | D:1      | 0 ||| qw: Lair rune preference: random
     0 | D:1      | 0 ||| qw: Plans: Normal, Zot:1-4, God:TSO, Crypt, Tomb,
                  | Pan, Slime:5, Hells, Abyss, Orb
     0 | D:1      | 0 ||| PLANNING D:1-11
    37 | D:1      | Reached skill level 2 in Axes
    56 | D:1      | Found a faded altar of an unknown god.
    93 | D:1      | Reached XP level 2. HP: 19/19 MP: 2/2
   129 | D:1      | 129 ||| Stepping ~*~*~tactically~*~*~ (stealth).
   242 | D:1      | You fall into a shaft and drop 1 floor!
   291 | D:2      | 291 ||| READING scroll labelled SOOMAA TOACU.
   292 | D:2      | 292 ||| READING scroll labelled JACKYMADUM.
   308 | D:1      | 308 ||| DROPPING +0 club.
   346 | D:1      | Found Ylaib's Distillery.
   364 | D:1      | Reached skill level 3 in Axes
   366 | D:1      | 366 ||| SHOPLISTING 2 potions of curing (72 gold, have 0).
   366 | D:1      | 366 ||| SHOPLISTING potion of curing (36 gold, have 0).
   366 | D:1      | 366 ||| SHOPLISTING potion of might (48 gold, have 0).
   409 | D:1      | 409 ||| Stepping ~*~*~tactically~*~*~ (stealth).
   466 | D:1      | Reached XP level 3. HP: 23/23 MP: 3/3
   705 | D:1      | 705 ||| READING scroll labelled DIKONA XOFOIWA.
   706 | D:1      | 706 ||| DRINKING 2 puce potions.
   707 | D:1      | 707 ||| READING 2 scrolls of identify.
   707 | D:1      | 707 ||| IDENTIFYING viscous white potion
   818 | D:2      | Reached XP level 4. HP: 26/28 MP: 4/4
  1091 | D:2      | 1091 ||| Stepping ~*~*~tactically~*~*~ (stealth).
  1155 | D:2      | Reached skill level 4 in Axes
  1174 | D:2      | HP: 3/28 [gnoll/+0 halberd (9)]
  1175 | D:2      | HP: 1/28 [gnoll/+0 spear (3)]
  1177 | D:2      | Slain by a gnoll

Levels and vault maps discovered:
D:1:      scummos_arrival_hexagon, layout_loops_cross, serial_shops, shop,
          hellmonk_ecumenical_altar_crossroads, nrook_mini_vaults
D:2:      layout_basic

Skill      XL: |  1  2  3  4 |
---------------+-------------+-----
Axes           | 2 3 4 |  4.1
Fighting       | |  3.2
Armour         | |  3.2
Shields        | |  3.2

Action                   |  1- 3 |  4- 6 || total
-------------------------+-------+-------++-------
Melee: War axe           |    74 |    26 ||   100
  Use: Scroll            |     4 |       ||     4
       Potion            |     1 |       ||     1
Armor: Scale mail        |    35 |    10 ||    45
Dodge: Dodged            |    38 |     9 ||    47
Block: Buckler           |     8 |     4 ||    12

Table legend:
 A = Non-vault XP
 B = Vault XP
 C = Vault XP percentage of total XP
 D = Non-vault monster count
 E = Vault monster count
 F = Vault count percentage of total count
                 A         B        C        D         E       F
            +---------+---------+-------+---------+---------+-------
      Total |     116 |       0 |   0.0 |      38 |       0 |   0.0
            +---------+---------+-------+---------+---------+-------
        D:1 |      43 |       0 |   0.0 |      25 |       0 |   0.0
        D:2 |      73 |       0 |   0.0 |      13 |       0 |   0.0
            +---------+---------+-------+---------+---------+-------
